BR
WESLACO CHIEFS @ GRAND RAPIDS DUTCH OVENS
08/11/2026
 
TOP OF THE 1ST
Weslaco Chiefs batting - Pitching for Wapello Seafarers : LHP Jorge Luna
Pitching: LHP Jorge Luna
Batting: LHB Alberto Varela 0-0: Ball
1-0: Bunted foul
1-1: SINGLE (Line Drive, 4M)
Batting: RHB António Martínez 0-0: Called Strike
0-1: Ground out 4-3 (Groundball, 4M)
Alberto Varela to second
Batting: RHB Eric Thompson 0-0: Ball
1-0: Called Strike
1-1: Ball
2-1: Swinging Strike
2-2: Ball
3-2: Ground out 5-3 (Groundball, 5)
Batting: LHB Jeff Forsyth 0-0: Ball
1-0: Swinging Strike
1-1: Ball
2-1: Ball
3-1: Fly out, F7 (Flyball, 7S)
Top of the 1st over - 0 run(s), 1 hit(s), 0 error(s), 1 left on base; Weslaco 0 - Wapello 0
BOTTOM OF THE 1ST
Wapello Seafarers batting - Pitching for Weslaco Chiefs : LHP Ron Huggins
Pitching: LHP Ron Huggins
Batting: RHB Carlos Rocha 0-0: Ball
1-0: DOUBLE (Line Drive, 7LM)
Batting: RHB Albert Cortéz 0-0: Swinging Strike
0-1: Foul Ball, location: 2F
0-2: Ball
1-2: Ball
2-2: Foul Ball, location: 2F
2-2: Strikes out looking
Batting: LHB Félix Costa 0-0: Swinging Strike
0-1: Ball
1-1: SINGLE (Line Drive, 4M)
Carlos Rocha to third
Runner from 3rd tries for Home, SAFE, no throw or cutoff
Batting: LHB Luis Salazar 0-0: Called Strike
Félix Costa is caught stealing 2nd base
0-1: Ball
1-1: Swinging Strike
1-2: Ball
2-2: Ball
3-2: Ground out 5-3 (Groundball, 56S)
Bottom of the 1st over - 1 run(s), 2 hit(s), 0 error(s), 0 left on base; Weslaco 0 - Wapello 1
TOP OF THE 2ND
Weslaco Chiefs batting - Pitching for Wapello Seafarers : LHP Jorge Luna
Batting: RHB Germán Romero 0-0: Ball
1-0: Swinging Strike
1-1: DOUBLE (Line Drive, 89S)
Batting: RHB Jorge Longoria 0-0: SINGLE (Line Drive, 5D)
Germán Romero to third
Batting: LHB Ángelo Lara 0-0: Ball
1-0: Ball
2-0: Called Strike
2-1: Swinging Strike
2-2: Strikes out swinging
Batting: LHB Ralph Cobb 0-0: Ball
1-0: Called Strike
1-1: Fly out, F9 (Line Drive, 9D)
Runner from 3rd tags up, SCORES, no throw
Batting: RHB Ron Newcombe 0-0: Ball
1-0: Foul Ball, location: 2F
1-1: Ball
2-1: Swinging Strike
2-2: Ball
Jorge Longoria steals 2nd base
3-2: Hit by Pitch
Batting: LHB Alberto Varela 0-0: Called Strike
0-1: Ball
1-1: Called Strike
1-2: Ball
2-2: Ball
3-2: Fly out, F8 (Line Drive, 8LM)
Top of the 2nd over - 1 run(s), 2 hit(s), 0 error(s), 2 left on base; Weslaco 1 - Wapello 1
BOTTOM OF THE 2ND
Wapello Seafarers batting - Pitching for Weslaco Chiefs : LHP Ron Huggins
Batting: SHB Víctor Torres 0-0: Ball
1-0: Fly out, F8 (Flyball, 8LM)
Batting: RHB Takuro Okawa 0-0: Called Strike
0-1: SINGLE (Flyball, 9S)
Batting: RHB António Aguilera 0-0: Called Strike
0-1: Ball
1-1: Ball
2-1: Ball
3-1: Fielders Choice at 2nd, 4-6 (Groundball, 4)
Batting: RHB Manuel Flores 0-0: Swinging Strike
0-1: Ball
1-1: Swinging Strike
1-2: Strikes out swinging
Bottom of the 2nd over - 0 run(s), 1 hit(s), 0 error(s), 1 left on base; Weslaco 1 - Wapello 1
TOP OF THE 3RD
Weslaco Chiefs batting - Pitching for Wapello Seafarers : LHP Jorge Luna
Batting: RHB António Martínez 0-0: Ball
1-0: Ball
2-0: Ball
3-0: Base on Balls
Batting: RHB Eric Thompson 0-0: Foul Ball, location: 2F
0-1: Fly out, F6 (Popup, 56D)
Batting: LHB Jeff Forsyth 0-0: Foul Ball, location: 2F
0-1: SINGLE (Flyball, 8LS)
António Martínez to second
Batting: RHB Germán Romero 0-0: Ball
1-0: Called Strike
1-1: Ground out 6-3 (Groundball, 6MS)
António Martínez to third
Jeff Forsyth to second
Batting: RHB Jorge Longoria 0-0: Ball
1-0: Ball
2-0: Ball
3-0: Called Strike
3-1: Base on Balls
Batting: LHB Ángelo Lara 0-0: Ball
1-0: Ball
2-0: Called Strike
2-1: Foul Ball, location: 2F
2-2: Foul Ball, location: 2F
2-2: Ball
3-2: SINGLE (Line Drive, 4MD)
António Martínez scores
Jeff Forsyth to third
Jorge Longoria to second
Jeff Forsyth scores
Jorge Longoria to third
Batting: LHB Ralph Cobb 0-0: Ball
1-0: Ball
2-0: Ball
3-0: Called Strike
3-1: Reached on error, E5 (Groundball, 5)
Jorge Longoria scores
Ángelo Lara to second
Batting: RHB Ron Newcombe 0-0: Ball
1-0: Swinging Strike
1-1: Foul Ball, location: 2F
1-2: Ground out 5-3 (Groundball, 5S)
Top of the 3rd over - 3 run(s), 2 hit(s), 1 error(s), 2 left on base; Weslaco 4 - Wapello 1
BOTTOM OF THE 3RD
Wapello Seafarers batting - Pitching for Weslaco Chiefs : LHP Ron Huggins
Batting: RHB Carlos Martínez 0-0: Called Strike
0-1: Foul Ball, location: 2F
0-2: Ball
1-2: Ground out 5-3 (Groundball, 5S)
Batting: RHB Carlos Rocha 0-0: SINGLE (Groundball, 4M)
Batting: RHB Albert Cortéz 0-0: Ball
1-0: Called Strike
1-1: Fly out, F7 (Flyball, 7D)
Batting: LHB Félix Costa 0-0: Ball
1-0: Called Strike
1-1: Fielders Choice at 2nd, U4 (Groundball, 4M)
Bottom of the 3rd over - 0 run(s), 1 hit(s), 0 error(s), 1 left on base; Weslaco 4 - Wapello 1
TOP OF THE 4TH
Weslaco Chiefs batting - Pitching for Wapello Seafarers : LHP Jorge Luna
Batting: LHB Alberto Varela 0-0: Swinging Strike
0-1: Ball
1-1: Called Strike
1-2: SINGLE (Line Drive, 5S)
Pitching: LHP Ernesto Sánchez
Batting: RHB António Martínez 0-0: Called Strike
0-1: Ball
1-1: Ball
2-1: SINGLE (Line Drive, 7LS)
Alberto Varela to second
Batting: RHB Eric Thompson 0-0: Ball
1-0: Ball
2-0: Called Strike
2-1: Fly out, F7 (Flyball, 7LM)
Batting: LHB Jeff Forsyth 0-0: Called Strike
0-1: Ball
1-1: Ball
2-1: Ball
3-1: Foul Ball, location: 2F
3-2: Foul Ball, location: 2F
3-2: Fly out, F7 (Flyball, 78D)
Batting: RHB Germán Romero 0-0: Foul Ball, location: 2F
0-1: SINGLE (Line Drive, 34)
Alberto Varela to third
António Martínez to second
Runner from 3rd tries for Home, throw and OUT!
Top of the 4th over - 0 run(s), 3 hit(s), 0 error(s), 2 left on base; Weslaco 4 - Wapello 1
BOTTOM OF THE 4TH
Wapello Seafarers batting - Pitching for Weslaco Chiefs : LHP Ron Huggins
Batting: LHB Luis Salazar 0-0: Fly out, F8 (Flyball, 8LS)
Batting: SHB Víctor Torres 0-0: Called Strike
0-1: Ball
1-1: Ball
2-1: Ball
3-1: Swinging Strike
3-2: Foul Ball, location: 2F
3-2: Base on Balls
Batting: RHB Takuro Okawa 0-0: Called Strike
0-1: Fly out, F7 (Flyball, 7M)
Batting: RHB António Aguilera 0-0: Ball
1-0: Ball
2-0: Called Strike
2-1: DOUBLE (Groundball, 5D)
Víctor Torres to third
Batting: RHB Manuel Flores 0-0: Fly out, F9 (Line Drive, 89M)
Bottom of the 4th over - 0 run(s), 1 hit(s), 0 error(s), 2 left on base; Weslaco 4 - Wapello 1
TOP OF THE 5TH
Weslaco Chiefs batting - Pitching for Wapello Seafarers : LHP Ernesto Sánchez
Batting: RHB Jorge Longoria 0-0: DOUBLE (Flyball, 7LM)
Batting: LHB Ángelo Lara 0-0: Called Strike
0-1: Ball
1-1: Called Strike
1-2: Ball
2-2: Foul Ball, location: 2F
2-2: Foul Ball, location: 2F
2-2: Ball
3-2: Strikes out swinging
Batting: LHB Ralph Cobb 0-0: Ball
1-0: Swinging Strike
1-1: Ball
2-1: Swinging Strike
2-2: Ball
3-2: Fly out, F3 (Popup, 15)
Batting: RHB Ron Newcombe 0-0: SINGLE (Groundball, 6MD)
Jorge Longoria to third
Runner from 3rd tries for Home, SAFE, no throw or cutoff
Batting: LHB Alberto Varela 0-0: Ball
1-0: Swinging Strike
1-1: Swinging Strike
1-2: Ball
Passed Ball!
Ron Newcombe to second
2-2: Ball
3-2: Foul Ball, location: 2F
3-2: Foul Ball, location: 2F
3-2: Base on Balls
Batting: RHB António Martínez 0-0: Called Strike
0-1: Fly out, F8 (Flyball, 8RXD)
Top of the 5th over - 1 run(s), 2 hit(s), 0 error(s), 2 left on base; Weslaco 5 - Wapello 1
BOTTOM OF THE 5TH
Wapello Seafarers batting - Pitching for Weslaco Chiefs : LHP Ron Huggins
Batting: RHB Carlos Martínez 0-0: Foul Ball, location: 2F
0-1: Ball
1-1: Foul Ball, location: 2F
1-2: Ball
2-2: Ground out 1-3 (Groundball, 15S)
Batting: RHB Carlos Rocha 0-0: Fly out, F7 (Flyball, 7M)
Batting: RHB Albert Cortéz 0-0: Called Strike
0-1: Called Strike
0-2: SINGLE (Groundball, 56D)
Batting: LHB Félix Costa 0-0: Ball
1-0: Foul Ball, location: 2F
1-1: Foul Ball, location: 2F
1-2: Ball
2-2: Ball
3-2: Fly out, F7 (Line Drive, 78S)
Bottom of the 5th over - 0 run(s), 1 hit(s), 0 error(s), 1 left on base; Weslaco 5 - Wapello 1
TOP OF THE 6TH
Weslaco Chiefs batting - Pitching for Wapello Seafarers : LHP Ernesto Sánchez
Batting: RHB Eric Thompson 0-0: Called Strike
0-1: Foul Ball, location: 2F
0-2: Ball
1-2: Ground out 4-3 (Groundball, 4M)
Batting: LHB Jeff Forsyth 0-0: Ball
1-0: Ball
2-0: Called Strike
2-1: Swinging Strike
2-2: Fly out, F6 (Popup, 6D)
Batting: RHB Germán Romero 0-0: Foul Ball, location: 2F
0-1: Ball
1-1: DOUBLE (Groundball, 5L)
Batting: RHB Jorge Longoria 0-0: Ground out 6-3 (Groundball, 6)
Top of the 6th over - 0 run(s), 1 hit(s), 0 error(s), 1 left on base; Weslaco 5 - Wapello 1
BOTTOM OF THE 6TH
Wapello Seafarers batting - Pitching for Weslaco Chiefs : LHP Ron Huggins
Batting: LHB Luis Salazar 0-0: Ball
1-0: Ball
2-0: Ground out 1-3 (Groundball, 13S)
Batting: SHB Víctor Torres 0-0: Foul Ball, location: 2F
0-1: Ball
1-1: Ball
2-1: Ground out 6-3 (Groundball, 6)
Batting: RHB Takuro Okawa 0-0: Ground out 5-3 (Groundball, 5S)
Bottom of the 6th over - 0 run(s), 0 hit(s), 0 error(s), 0 left on base; Weslaco 5 - Wapello 1
TOP OF THE 7TH
Weslaco Chiefs batting - Pitching for Wapello Seafarers : LHP Ernesto Sánchez
Batting: LHB Ángelo Lara 0-0: Ball
1-0: DOUBLE (Flyball, 9LM)
Batting: LHB Ralph Cobb 0-0: Intentional Walk
Pitching: LHP Alonso Pineda
Batting: RHB Ron Newcombe 0-0: Bunt - Flyout! F2
Batting: LHB Alberto Varela 0-0: Ball
1-0: Ball
2-0: Fly out, F8 (Flyball, 8LM)
Batting: RHB António Martínez 0-0: Ball
1-0: Fielders Choice at 2nd, U6 (Groundball, 6M)
Top of the 7th over - 0 run(s), 1 hit(s), 0 error(s), 2 left on base; Weslaco 5 - Wapello 1
BOTTOM OF THE 7TH
Wapello Seafarers batting - Pitching for Weslaco Chiefs : LHP Ron Huggins
Batting: RHB António Aguilera 0-0: SINGLE (Line Drive, 9S)
Pitching: RHP Marc Brooks
Batting: RHB Manuel Flores 0-0: Called Strike
0-1: Called Strike
0-2: Fly out, F9 (Flyball, 89M)
Batting: RHB Carlos Martínez 0-0: Ground out 1-3 (Groundball, 3S)
António Aguilera to second
Batting: RHB Carlos Rocha 0-0: Called Strike
0-1: Foul Ball, location: 2F
0-2: Ball
1-2: Ground out 5-3 (Groundball, 56)
Bottom of the 7th over - 0 run(s), 1 hit(s), 0 error(s), 1 left on base; Weslaco 5 - Wapello 1
TOP OF THE 8TH
Weslaco Chiefs batting - Pitching for Wapello Seafarers : LHP Alonso Pineda
Batting: RHB Eric Thompson 0-0: Ball
1-0: Foul Ball, location: 2F
1-1: Ball
2-1: Ball
3-1: Swinging Strike
3-2: Strikes out swinging
Batting: LHB Jeff Forsyth 0-0: Ball
1-0: Called Strike
1-1: Called Strike
1-2: Strikes out looking
Batting: RHB Germán Romero 0-0: Swinging Strike
0-1: Ball
1-1: Swinging Strike
1-2: Foul Ball, location: 2F
1-2: Ball
2-2: Foul Ball, location: 2F
2-2: Ball
3-2: Base on Balls
Batting: RHB Jorge Longoria 0-0: Ball
1-0: Called Strike
1-1: Ball
2-1: Ball
3-1: Base on Balls
Germán Romero to second
Batting: LHB Ángelo Lara 0-0: Ball
1-0: Swinging Strike
1-1: Foul Ball, location: 2F
1-2: Ball
2-2: Foul Ball, location: 2F
2-2: Ball
3-2: Strikes out swinging
Top of the 8th over - 0 run(s), 0 hit(s), 0 error(s), 2 left on base; Weslaco 5 - Wapello 1
BOTTOM OF THE 8TH
Wapello Seafarers batting - Pitching for Weslaco Chiefs : RHP Marc Brooks
Batting: RHB Albert Cortéz 0-0: Ball
1-0: Ball
2-0: Swinging Strike
2-1: Foul Ball, location: 2F
2-2: Strikes out swinging
Batting: LHB Félix Costa 0-0: Ball
1-0: Foul Ball, location: 2F
1-1: Foul Ball, location: 2F
1-2: Ball
2-2: Fly out, F7 (Flyball, 7M)
Batting: LHB Luis Salazar 0-0: Ball
1-0: Ball
2-0: Foul Ball, location: 2F
2-1: Ball
3-1: SINGLE (Groundball, 56D)
Batting: SHB Víctor Torres 0-0: Called Strike
0-1: Ball
1-1: Swinging Strike
1-2: Foul Ball, location: 2F
1-2: Foul Ball, location: 2F
1-2: Fly out, F8 (Line Drive, 8LM)
Bottom of the 8th over - 0 run(s), 1 hit(s), 0 error(s), 1 left on base; Weslaco 5 - Wapello 1
TOP OF THE 9TH
Weslaco Chiefs batting - Pitching for Wapello Seafarers : LHP Alonso Pineda
Batting: LHB Ralph Cobb 0-0: Ball
1-0: Ball
2-0: Ball
3-0: Base on Balls
Batting: RHB Ron Newcombe 0-0: Sac Bunt - play at first, batter OUT! 1-3
Ralph Cobb to second
Batting: LHB Alberto Varela 0-0: Called Strike
0-1: Ball
1-1: Foul Ball, location: 2F
1-2: Ball
2-2: Foul Ball, location: 2F
2-2: Ground out 4-3 (Groundball, 4)
Ralph Cobb to third
Batting: RHB António Martínez 0-0: Called Strike
0-1: Ball
1-1: Foul Ball, location: 2F
1-2: Ball
2-2: Ground out 4-3 (Groundball, 13)
Top of the 9th over - 0 run(s), 0 hit(s), 0 error(s), 1 left on base; Weslaco 5 - Wapello 1
BOTTOM OF THE 9TH
Wapello Seafarers batting - Pitching for Weslaco Chiefs : RHP Marc Brooks
Pitching: RHP Luis Torres
Batting: RHB Takuro Okawa 0-0: Ball
1-0: Called Strike
1-1: Called Strike
1-2: Strikes out swinging
Batting: RHB António Aguilera 0-0: Ball
1-0: Ball
2-0: Ball
3-0: Called Strike
3-1: Swinging Strike
3-2: Foul Ball, location: 2F
3-2: Strikes out swinging
Batting: RHB Manuel Flores 0-0: Called Strike
0-1: Called Strike
0-2: Strikes out swinging
Bottom of the 9th over - 0 run(s), 0 hit(s), 0 error(s), 0 left on base; Weslaco 5 - Wapello 1
Monday, December 5th, 2016 - OOTP Baseball 17.12 Build 75